 Dungeon Crawl Stone Soup version 0.18-a0-1426-g3b9a63c (webtiles) character file.

13003 namelastname112 the Grappler (level 11, -2/63 HPs)
             Began as a Grey Draconian Wanderer on Feb 27, 2016.
             Was a High Priest of Cheibriados.
             Slain by a raiju (7 damage)
             ... on level 2 of the Abyss.
             The game lasted 00:25:27 (14039 turns).

namelastname112 the Grappler (DrWn)                Turns: 14039, Time: 00:25:27

Health: -2/63      AC: 15    Str: 26      XL:     11   Next: 69%
Magic:  12/14      EV: 22    Int: 29 (30) God:    Cheibriados [*****.]
Gold:   605        SH:  6    Dex: 24 (25) Spells: 0 memorised, 16 levels left

rFire  . . .     SeeInvis .       - Unarmed
rCold  + . .     Gourm    .     (armour unavailable)
rNeg   . . .     Faith    .     o - +0 buckler
rPois  .         Spirit   .     (helmet restricted)
rElec  .         Dismiss  .     (no cloak)
rCorr  .         Reflect  .     (no gloves)
SustAt .         Harm     .     d - +2 pair of boots
MR     .....     Rnd*Rage +     (no amulet)
Stlth  ++........               (no ring)
                                a - +5 ring of evasion

@: slowed, very slow, not resistant to hostile enchantments, unstealthy
A: walk through water, unfitting armour, stinger 1, berserk 2, blurry vision 1,
clever 1, cold resistance 1, deterioration 2, frail 3, low mp 1, screaming 1,
weak 2, unbreathing, evolution 1, no device heal 1, cold-blooded, subdued magic
2, AC +12
a: Bend Time, Temporal Distortion, Slouch, Step From Time, Renounce Religion


You were on level 2 of the Abyss.
You worshipped Cheibriados.
Cheibriados was extremely pleased with you.
You were very hungry.

You visited 2 branches of the dungeon, and saw 11 of its levels.
You visited the Abyss 1 time.

You collected 605 gold pieces.

Inventory:

Armour
 d - a +2 pair of boots (worn)
 o - a +0 buckler (worn)
Rods
 z - a +0 rod of ignition (9/9)
   (You found it on level 8 of the Dungeon)
Jewellery
 a - a +5 ring of evasion (left hand)
 r - an uncursed ring of ice
Wands
 b - a wand of lightning (0/15)
 j - a wand of paralysis (0/24)
 y - a wand of paralysis (0/24)
Scrolls
 c - a scroll of blinking
 k - 7 scrolls of amnesia
 m - a scroll of magic mapping
 p - 6 scrolls of remove curse
 t - a scroll of fear
 u - a scroll of identify
 v - a scroll of immolation
 w - a scroll of teleportation
Potions
 e - a potion of magic
 g - a potion of invisibility
 h - a potion of haste
 i - 2 potions of resistance
 n - a potion of cure mutation {unknown}
 s - a potion of brilliance
Books
 q - a book of Fire

   Spells                             Type                      Level
   a - Ignite Poison                  Fire/Transmutation/Poison    3
   b - Fireball                       Conjuration/Fire             5
   c - Bolt of Fire                   Conjuration/Fire             6
   d - Delayed Fireball               Conjuration/Fire             7
   e - Ring of Flames                 Charms/Fire                  7
 D - a book of Summonings

   Spells                             Type                      Level
   a - Recall                         Summoning/Translocation      3
   b - Aura of Abjuration             Summoning                    5
   c - Summon Demon                   Summoning                    5
   d - Summon Forest                  Summoning/Translocation      5
   e - Summon Mana Viper              Hexes/Summoning              5
   f - Shadow Creatures               Summoning                    6
Comestibles
 f - 3 bread rations
 l - 3 meat rations
 x - 9 royal jellies
 A - 6 fruits
 B - a slice of pizza


   Skills:
 + Level 6.9 Fighting
 - Level 2.8 Maces & Flails
   Level 4.3 Bows
 - Level 1.0 Throwing
 + Level 5.1 Dodging
 + Level 3.0 Shields
 + Level 13.6 Unarmed Combat
 - Level 3.0 Spellcasting
   Level 1.0 Fire Magic
   Level 1.0 Poison Magic
 * Level 7.4 Invocations


You had 16 spell levels left.
You didn't know any spells.

Dungeon Overview and Level Annotations

Branches:
Dungeon (10/15)            Temple (1/1) D:7            Lair (0/8) D:8
    Orc: D:9-12

Altars:
Ashenzari
Cheibriados
Dithmenos
Elyvilon
Fedhas
Gozag
Kikubaaqudgha
Makhleb
Nemelex Xobeh
Okawaru
Pakellas
Qazlal
Ru
Sif Muna
Trog
Vehumet
Xom
Yredelemnul
Zin
The Shining One

Annotations:
D:10 Grum, Sonja


Innate Abilities, Weirdness & Mutations

You can walk through water.
Your dull iron-grey scales are very hard (AC +12).
Your body does not fit into most forms of armour.
You can survive without breathing.
You are cold-blooded and may be slowed by cold attacks.
Your tail ends in a poisonous barb.
Your mind is acute. (Int +2)
Your flesh is cold resistant.
You occasionally shout uncontrollably at your foes.
You evolve.
Potions and wands are less effective at restoring your health.
[You often lose your temper in combat.]
[Scrolls take you a little longer to read.]
[Your body often deteriorates upon taking damage.]
[You are extremely frail (-30% HP).]
[Your magical capacity is low (-10% MP).]
[You are very weak. (Str -4)]
[Your spells are easier to cast, but less powerful.]


Message History

The raiju completely misses you.
You hit the raiju.
Your tail-slap misses the raiju.
The raiju is severely wounded.
You block the raiju's attack.
The raiju bursts into living lightning!
The living lightning misses you. The living lightning hits you!
* * * LOW HITPOINT WARNING * * *
Your body deteriorates!
You feel clumsy.
The raiju blinks! x3
The raiju bursts into living lightning!
The living lightning hits the raiju.
The raiju completely resists.
The living lightning misses you.
The living lightning hits the raiju.
The raiju completely resists.
The raiju blinks! x2
You hit the raiju but do no damage.
Your tail-slap misses the raiju.
The raiju is severely wounded.
The raiju closely misses you. The raiju completely misses you.
The raiju bites you.
* * * LOW HITPOINT WARNING * * *
The raiju shocks you!
You die...

.##. .#.# . #
.#..#... . ..#
###.#.... .
#...........
.......##. .##
.... .. # #
.#X§###.## .#
##h###. .. .#
#@###...#.#.#.
#hh# # .#.###.
. #### #.
..#... ..
#..#.# .###
#..#.## ... #
...# ..... # .
# # . # # # .
# # .. .# . #
. ..###.


You could see a large abomination and 3 raiju.

Vanquished Creatures
  A wretched star (Abyss:2)
  4 orc knights (D:8)
  Joseph (D:7)
  2 smoke demons
  A large abomination (Abyss:2)
  A freezing wraith (Abyss:2)
  An ancient zyme (Abyss:2)
  A two-headed ogre (D:8)
  6 yaks (D:8)
  3 small abominations (Abyss:2)
  A ynoxinul (Abyss:2)
  A neqoxec (Abyss:2)
  14 wargs (D:8)
  Menkaure (D:7)
  A soldier ant (D:8)
  3 porcupines (D:8)
  3 sky beasts
  2 phantoms
  A wasp (D:8)
  7 orc warriors
  An ice beast (D:7)
  A necrophage (D:9)
  3 ogres
  8 centaurs
  2 crocodiles (D:8)
  2 big kobolds
  6 giant frogs
  A gnoll sergeant (D:8)
  2 scorpions (D:4)
  11 killer bees
  A howler monkey (D:8)
  A wasp zombie (D:9)
  A centaur zombie (D:9)
  6 crimson imps
  7 orc priests
  2 giant frog skeletons
  2 giant frog zombies
  A jelly (D:8)
  4 hounds
  A centaur skeleton (D:9)
  9 worker ants
  3 iguanas
  8 orc wizards
  A killer bee zombie (D:5)
  10 gnolls
  A howler monkey skeleton (D:6)
  10 adders
  2 river rats (D:8)
  An ufetubus (Abyss:2)
  An ooze (D:2)
  3 adder skeletons
  6 worms
  3 dart slugs
  4 giant geckos
  57 orcs
  A ball python (D:5)
  6 giant cockroaches
  5 goblins
  6 hobgoblins
  6 jackals
  3 quokkas
  3 bats
  A giant gecko skeleton (D:7)
  A jackal skeleton (D:4)
  12 kobolds
  A quokka skeleton (D:4)
  2 rats (D:3)
284 creatures vanquished.

Vanquished Creatures (others)
  An ufetubus (Abyss:2)
  5 bushes (D:8)
  2 fungi (D:8)
  13 plants (D:8)
21 creatures vanquished.

Grand Total: 305 creatures vanquished

Notes
Turn   | Place    | Note
--------------------------------------------------------------
     0 | D:1      | namelastname112 the Draconian Wanderer began the quest for the Orb.
     0 | D:1      | namelastname112 set off with: a +2 shortbow, 30 arrows, a potion of lignification, a potion of curing, a bread ration
     0 | D:1      | Reached XP level 1. HP: 17/17 MP: 4/4
   187 | D:1      | Reached XP level 2. HP: 22/25 MP: 6/6
   810 | D:2      | Reached XP level 3. HP: 14/30 MP: 7/7
  1669 | D:3      | Reached skill level 1 in Maces & Flails
  1669 | D:3      | Reached skill level 1 in Dodging
  1827 | D:3      | Reached XP level 4. HP: 37/37 MP: 8/8
  2919 | D:4      | Noticed an ogre
  2925 | D:4      | Killed an ogre
  2925 | D:4      | Reached XP level 5. HP: 8/45 MP: 9/9
  3614 | D:4      | Reached XP level 6. HP: 50/52 MP: 10/10
  4197 | D:5      | Entered Level 5 of the Dungeon
  5024 | D:5      | Your scales start taking on a dull iron-grey colour.
  5024 | D:5      | Reached XP level 7. HP: 12/59 MP: 11/11
  5024 | D:5      | Gained mutation: You can survive without breathing. [Grey Draconian growth]
  5357 | D:5      | Reached skill level 1 in Unarmed Combat
  5383 | D:5      | Reached skill level 3 in Unarmed Combat
  6113 | D:5      | Reached skill level 4 in Unarmed Combat
  6363 | D:5      | Reached skill level 5 in Unarmed Combat
  6731 | D:6      | Reached XP level 8. HP: 64/66 MP: 12/12
  7021 | D:6      | Reached skill level 6 in Unarmed Combat
  7406 | D:7      | Found a staircase to the Ecumenical Temple.
  7458 | Temple   | Entered the Ecumenical Temple
  7554 | Temple   | Became a worshipper of Cheibriados the Contemplative
  7675 | D:7      | Noticed Menkaure
  7682 | D:7      | Noticed Joseph
  7683 | D:7      | Killed Menkaure
  7719 | D:7      | Paralysed by Joseph for 7 turns
  7733 | D:7      | Killed Joseph
  7733 | D:7      | Reached skill level 8 in Unarmed Combat
  8068 | D:7      | Reached skill level 9 in Unarmed Combat
  8101 | D:7      | Reached XP level 9. HP: 71/71 MP: 13/13
  8368 | D:7      | Reached * piety under Cheibriados
  8704 | D:8      | Reached skill level 10 in Unarmed Combat
  8786 | D:8      | Identified a +0 rod of ignition (9/9) (You found it on level 8 of the Dungeon)
  8823 | D:8      | Reached ** piety under Cheibriados
  8838 | D:8      | Reached skill level 11 in Unarmed Combat
  8843 | D:8      | HP: 5/106 [poisoned by a killer bee]
  9498 | D:8      | Noticed an orc knight
  9514 | D:8      | Killed an orc knight
  9514 | D:8      | Reached skill level 12 in Unarmed Combat
  9769 | D:8      | Reached XP level 10. HP: 68/79 MP: 14/14
  9797 | D:8      | Reached *** piety under Cheibriados
  9955 | D:8      | Noticed an orc knight
  9970 | D:8      | Noticed an orc knight
  9981 | D:8      | Killed an orc knight
  9988 | D:8      | Noticed an orc knight
  9997 | D:8      | Killed an orc knight
  9997 | D:8      | Reached skill level 13 in Unarmed Combat
 10140 | D:8      | Reached skill level 1 in Invocations
 10748 | D:8      | Reached **** piety under Cheibriados
 10763 | D:8      | Reached skill level 5 in Fighting
 11152 | D:8      | Reached skill level 5 in Invocations
 11199 | D:8      | Reached XP level 11. HP: 55/88 MP: 15/15
 11698 | D:8      | Killed an orc knight
 11785 | D:8      | Found a staircase to the Lair.
 11876 | D:8      | Reached ***** piety under Cheibriados
 12590 | D:9      | Gained mutation: You occasionally shout uncontrollably at your foes. [mutagenic meat]
 12591 | D:9      | Gained mutation: You evolve. [mutagenic meat]
 12592 | D:9      | Gained mutation: Your tail ends in a poisonous barb. [mutagenic meat]
 12593 | D:9      | Gained mutation: Your flesh is cold resistant. [mutagenic meat]
 12784 | D:9      | Gained mutation: Your mind is acute. (Int +2) [evolution]
 12875 | D:9      | Found a shadowy altar of Dithmenos.
 12875 | D:9      | Found a shimmering altar of Xom.
 13172 | D:10     | Entered Level 10 of the Dungeon
 13262 | D:10     | Noticed Sonja
 13264 | D:10     | Noticed Grum
 13274 | D:10     | Cast into level 1 of the Abyss (Sonja)
 13737 | Abyss:2  | Noticed a rakshasa
 13744 | Abyss:2  | Noticed a wretched star
 13769 | Abyss:2  | Killed a wretched star
 13769 | Abyss:2  | Reached skill level 5 in Dodging
 13771 | Abyss:2  | Found a corrupted altar of Lugonu.
 13847 | Abyss:2  | Gained mutation: Potions and wands are less effective at restoring your health. [a neqoxec]
 13932 | Abyss:2  | Noticed a wretched star
 13994 | Abyss:2  | Noticed a death knight
 13994 | Abyss:2  | Noticed a tentacled starspawn
 14039 | Abyss:2  | Slain by a raiju

Vault maps used:
D:1:      dpeg_arrival_long_road, minmay_hedge_maze
D:5:      first_bread
D:7:      minmay_temple_entry_water_ring, uniq_joseph, uniq_menkaure
D:8:      lemuel_castle_with_subvaults, minmay_lair_entry_grove,
          hangedman_pestilent_swarm
D:9:      gammafunk_temple_overflow_elements, nicolae_wwwww
D:10:     serial_shops, shop, uniq_urug, uniq_grum, uniq_psyche, uniq_snorg,
          uniq_sonja
Temple:   kilobyte_greek_temple_18
Abyss:2:  serial_sigils_hangedman_quiver

Skill      XL: |  1  2  3  4  5  6  7  8  9 10 11 |
---------------+----------------------------------+-----
Bows           | 2 3 4 |  4.3
Maces & Flails | 1 2 |  2.8
Dodging        | 1 2 3 5 |  5.1
Fighting       | 3 4 5 6 |  6.9
Unarmed Combat | 5 9 12 13 | 13.6
Invocations    | 5 7 |  7.4
Shields        | 3 |  3.0
Throwing       | |  1.0
Spellcasting   | |  3.0
Fire Magic     | |  1.0
Poison Magic   | |  1.0

Action                   |  1- 3 |  4- 6 |  7- 9 | 10-12 || total
-------------------------+-------+-------+-------+-------++-------
Melee: Mace              |    28 |    95 |       |       ||   123
       Flail             |       |    20 |    46 |       ||    66
       Unarmed           |       |       |   362 |   466 ||   828
 Fire: Shortbow          |    82 |    91 |       |       ||   173
Throw: Throwing net      |       |       |     2 |       ||     2
Invok: Bend Time         |       |       |       |     6 ||     6
Evoke: Wand              |       |       |    13 |       ||    13
       Rod               |       |       |     1 |       ||     1
  Use: Potion            |     1 |     1 |    12 |     3 ||    17
       Scroll            |       |       |    13 |     7 ||    20
 Stab: Distracted        |       |       |     1 |       ||     1
       Held in net/web   |       |       |     1 |       ||     1
       Paralysed         |       |       |     6 |       ||     6
       Sleeping          |       |       |     2 |     3 ||     5
  Eat: Chunk             |     1 |     3 |     7 |    10 ||    21
       Meat ration       |       |     1 |       |       ||     1
       Beef jerky        |       |     1 |       |     1 ||     2
       Bread ration      |       |     1 |     1 |       ||     2
       Pizza             |       |       |       |     1 ||     1
